 Dungeon Crawl Stone Soup version 0.31.0-32-g396128a36d (webtiles) character file.

Game seed: 6822013044170401553

89 porpoise the Shooter (level 4, 0/34 HPs)
             Began as a Human Hunter on Apr 3, 2024.
             Slain by a gnoll
             ... wielding a +0 flail
              (9 damage)
             ... on level 3 of the Dungeon.
             The game lasted 00:03:19 (1987 turns).

porpoise the Shooter (Human Hunter)                 Turns: 1987, Time: 00:03:19

Health: 0/34       AC:  5    Str: 11    XL:     4   Next: 55%
Magic:  4/4        EV: 12    Int: 10    God:
Gold:   107        SH:  0    Dex: 18    Spells: 3/3 levels left

rFire   . . .        a - +1 shortbow
rCold   . . .        (shield currently unavailable)
rNeg    . . .        v - +2 leather armour of Xeixel Vuuk {+Blink}
rPois   .            (no helmet)
rElec   .            (no cloak)
rCorr   .            (no gloves)
SInv    .            (no boots)
Will    .....        (no amulet)
Stlth   ++           (no ring)
HPRegen 0.25/turn    (no ring)
MPRegen 0.09/turn

%: no passive effects
@: no status effects
A: explore regen
a: Evoke Blink


You were on level 3 of the Dungeon.
You visited 1 branch of the dungeon, and saw 3 of its levels.

You collected 107 gold pieces.

Inventory:

Hand Weapons
 a - a +1 shortbow (weapon)
 b - a +0 dagger of venom
Missiles
 g - 2 boomerangs
 t - 4 poisoned darts
Armour
 v - the +2 leather armour of Xeixel Vuuk (worn) {+Blink}
   (You found it on level 3 of the Dungeon)

   +Blink:    It lets you blink.
Jewellery
 j - a ring of fire
Scrolls
 e - a scroll of torment {unknown}
 i - a scroll of amnesia {unknown}
 l - a scroll of enchant weapon
 m - a scroll of noise {unknown}
 n - 2 scrolls of identify
 p - a scroll of brand weapon {unknown}
 s - a scroll of poison {unknown}
 u - a scroll of butterflies
Potions
 d - a potion of degeneration {unknown}
 f - a potion of cancellation
 h - 3 potions of haste
 k - a potion of mutation {unknown}
 o - 2 potions of curing {unknown}
 q - a potion of might {unknown}
 r - a potion of berserk rage {unknown}


   Skills:
 + Level 2.8 Fighting
 * Level 5.0 Ranged Weapons
 - Level 2.0 Dodging
 + Level 2.3 Stealth


You had 3 spell levels left.
You didn't know any spells.
Your spell library contained the following spells:

 Spells                   Type           Power      Damage    Failure   Level
 Shock                    Conj/Air       0%         1d3       45%         1
 Ensorcelled Hibernation  Hex/Ice        0%         N/A       58%         2
 Fugue of the Fallen      Necr           0%         N/A       83%         3
 Swiftness                Air            0%         N/A       83%         3
 Airstrike                Air            0%         2d(0-16)  99%         4
 Anguish                  Hex/Necr       0%         N/A       99%         4


Dungeon Overview and Level Annotations

Branches:
Dungeon (3/15)

Altars:


Innate Abilities, Weirdness & Mutations

You regain HP and MP as you explore.


Message History

The gnoll barely misses you.
The gnoll hits you from afar with a +0 halberd!
You shoot an arrow. The arrow hits the gnoll.
The gnoll is almost dead.
The gnoll barely misses you.
You shoot an arrow. The arrow hits the gnoll.
You kill the gnoll!
You shoot an arrow.
The arrow hits the gnoll but does no damage.
The gnoll is heavily wounded.
You shoot an arrow. The arrow closely misses the gnoll.
The gnoll hits you with a +0 club. The gnoll hits you with a +0 club!
* * * LOW HITPOINT WARNING * * *
You are too injured to fight recklessly!
You are too injured to fight recklessly!
You are too injured to fight recklessly!
You are too injured to fight recklessly!
You shoot an arrow. The arrow hits the gnoll!
You kill the gnoll!
You shoot an arrow. The arrow hits the gnoll.
The gnoll is moderately wounded.
The gnoll closely misses you.
You shoot an arrow. The arrow hits the gnoll.
The gnoll is moderately wounded.
The gnoll barely misses you.
You shoot an arrow. The arrow hits the gnoll.
The gnoll is severely wounded.
The gnoll hits you with a +0 club.
* * * LOW HITPOINT WARNING * * *
You shoot an arrow. The arrow hits the gnoll!
You kill the gnoll!
The gnoll barely misses you.
Your Ranged Weapons skill increases to level 5!
You shoot an arrow. The arrow hits the gnoll.
The gnoll is lightly wounded.
The gnoll closely misses you.
You shoot an arrow. The arrow hits the gnoll.
The gnoll is heavily wounded.
The gnoll hits you with a +0 flail!
You die...

.#)#.#.#.#.###.#♣♣♣♣♣####.#
#.#.#.#.#.## #....)....<..#
÷#.#.#.#.#.###.#.##########
#.#.#.#.#.#..#...#
.#.#.#.#.#.#.#####
#.#.#.#.#.##.#
.#.#.#.#.#.#.#####
#.#.#.#.#.##.....#
.#.#.#.#.#.#####@#
#.#.#.#.#.## #g#
.#.#.#.#.#.# #.)......
..♣..♣#.#.## ###......
.~.P...#.#.# .PPP..
~~♣~♣..♣...# ...PP
~~~~♣.P..P.# .P.P.
♣~~~~~♣....# ...P
.♣~♣~~♣.P.# P...


You could see a gnoll.

Vanquished Creatures
  3 gnolls (D:3)
  An adder (D:3)
  2 dart slugs
  2 ribbon worms (D:2)
  2 orcs (D:3)
  3 ball pythons
  A bat (D:1)
  5 endoplasms
  3 giant cockroaches
  3 goblins
  3 hobgoblins
  2 quokkas
  4 kobolds
  6 rats
40 creatures vanquished.

Notes
Turn   | Place    | Note
-------+----------+-------------------------------------------
     0 | D:1      | porpoise the Human Hunter began the quest for the Orb.
     0 | D:1      | Reached XP level 1. HP: 16/16 MP: 1/1
   299 | D:1      | Reached XP level 2. HP: 22/22 MP: 2/2
  1041 | D:2      | Reached XP level 3. HP: 28/28 MP: 3/3
  1796 | D:3      | Reached XP level 4. HP: 34/34 MP: 4/4
  1819 | D:3      | Identified the +2 leather armour of Xeixel Vuuk {+Blink}
  1986 | D:3      | Reached skill level 5 in Ranged Weapons
  1987 | D:3      | Slain by a gnoll

Illustrated notes

Levels and vault maps discovered:
D:1:      dpeg_arrival_boxes_within_box, layout_loops_ring
D:2:      layout_loops_ring
D:3:      layout_basic, serial_bayou, serial_bayou_pond_b, serial_bayou_ford_a,
          serial_bayou_pond_a, serial_bayou_pond_d,
          chequers_serial_rivers_small_3, nicolae_grassy_gnolls

Skill      XL: |  1  2  3  4 |
---------------+-------------+-----
Stealth        | 2 |  2.3
Ranged Weapons | 5 |  5.0
Fighting       | |  2.8
Dodging        | |  2.0

Action                     |  1- 3 |  4- 6 || total
---------------------------+-------+-------++-------
   Fire: Shortbow          |   114 |    26 ||   140
    Use: Scroll            |     3 |       ||     3
 Armour: Leather armour    |    28 |     9 ||    37
  Dodge: Dodged            |    28 |    16 ||    44
